Map: [ESL] Moondance

Players

Kelazhur - Winner!

  • Race: Terran Terran
  • Spawn Location: 12:00

Elazer

  • Race: Zerg Zerg
  • Spawn Location: 6:00

Event: DreamHack SC2 Masters 2022 Valencia

VOD

Have the link to the VOD?

Description

Time

  • Played on: July 2, 2022, 4:23 a.m.
  • Length: 11:50

All games in this series

Show
View Real Time Build Order
Export as new Build Order

Kelazhur Terran - Winner!

Build Orders:  

Get SALT Encoding   

  12  0:00  SCV  
  13  0:12  SCV  
  14  0:20  Supply Depot  
  14  0:24  SCV  
  15  0:41  SCV  
  16  0:43  Barracks  
  16  0:44  Refinery  
  16  0:53  SCV  
  17  0:58  Barracks  
  17  1:05  SCV  
  18  1:14  Barracks  
  18  1:19  SCV  
  19  1:28  Refinery  
  19  1:30  Reaper  
  20  1:43  Orbital Command  
  20  1:46  Reaper  
  21  2:02  Reaper  
  21  2:03  Supply Depot  
  21  2:08  Reaper  
  23  2:25  SCV, Reaper  
  25  2:34  Reaper  
  26  2:37  SCV  
  26  2:40  Reaper  
  28  2:46  Supply Depot  
  28  2:49  SCV  
  29  2:57  Reaper  
  30  3:06  Reaper, Command Center  
  31  3:13  Reaper  
  31  3:18  SCV  
  33  3:29  Reaper  
  33  3:31  SCV  
  35  3:35  Supply Depot  
  35  3:45  Reaper  
  35  3:47  SCV  
  36  3:50  Command Center  
  36  3:54  Reaper  
  37  3:59  SCV  
  38  4:04  Reaper  
  39  4:11  SCV  
  40  4:18  Orbital Command  
  40  4:23  SCV  
  41  4:26  Barracks Tech Lab  
  41  4:27  Barracks Reactor  
  41  4:35  Engineering Bay, SCV  
  41  4:36  Engineering Bay  
  42  4:45  Barracks Reactor  
  42  4:47  SCV, Marine  
  42  4:48  Stimpack  
  42  4:50  SCV  
  45  4:59  SCV  
  46  5:01  Terran Infantry Armor Level 1, Terran Infantry Weapons Level 1  
  46  5:04  Marine  
  46  5:05  Marine x2  
  49  5:08  SCV  
  49  5:10  Orbital Command  
  49  5:14  SCV  
  52  5:21  SCV  
  52  5:26  Marine  
  52  5:27  SCV  
  54  5:29  Marine x4  
  54  5:33  SCV  
  59  5:35  Factory  
  59  5:38  SCV  
  59  5:40  SCV  
  61  5:44  Marine  
  61  5:45  SCV  
  61  5:46  Marine  
  61  5:49  Supply Depot, Marine x2  
  66  5:50  SCV, Marine  
  66  5:52  SCV  
  69  5:58  Refinery x2, SCV  
  69  6:02  SCV  
  71  6:05  Marine x2  
  71  6:06  SCV  
  71  6:07  Marine  
  71  6:10  Supply Depot  
  75  6:12  SCV  
  75  6:13  Marine x2  
  75  6:14  SCV  
  75  6:18  SCV  
  80  6:21  Factory Reactor, Starport  
  80  6:24  Marine x2  
  82  6:27  Combat Shield  
  82  6:28  SCV, Marine  
  84  6:33  SCV x2, Armory  
  84  6:38  Marine x2  
  84  6:39  Supply Depot  
  88  6:42  SCV  
  88  6:46  Supply Depot  
  88  6:47  Barracks x2  
  89  6:49  Marine  
  90  6:57  Marine  
  90  6:58  SCV, Marine  
  90  7:01  Marine  
  94  7:05  SCV, Marine  
  94  7:06  Marine  
  94  7:07  Supply Depot  
  96  7:15  Marine x2  
  96  7:18  SCV, Marine  
  96  7:21  Terran Infantry Armor Level 2, Terran Infantry Weapons Level 2  
  71  7:23  SCV x2, Marine  
  71  7:24  Marine  
  71  7:26  Medivac, Factory Reactor  
  71  7:27  Medivac  
  79  7:30  SCV  
  79  7:35  Marine, Barracks Reactor x2  
  81  7:39  SCV x2  
  81  7:40  Refinery  
  81  7:41  Marine x3  
  86  7:47  Marine  
  87  7:52  Command Center  
  87  7:54  Marine  
  88  7:59  Marine  
  88  8:03  Marine x2  
  88  8:04  Medivac x2  
  95  8:05  Marine  
  95  8:06  Widow Mine x2  
  95  8:10  SCV x3  
  103  8:12  Supply Depot  
  103  8:13  Supply Depot, Marine x3  
  103  8:14  Marine x2  
  103  8:16  Supply Depot  
  103  8:17  Marine  
  109  8:21  Marine  
  109  8:22  Factory  
  109  8:23  Marine  
  109  8:25  Marine  
  112  8:31  Marine  
  113  8:36  Marine x5  
  113  8:38  Marine, Widow Mine x2  
  113  8:40  Marine, Medivac x2  
  127  8:45  Supply Depot  
  127  8:46  Supply Depot  
  127  8:52  Marine x2  
  127  8:54  Marine x5  
  133  8:58  Supply Depot  
  133  9:00  Marine  
  136  9:03  Widow Mine x2  
  136  9:06  Supply Depot  
  138  9:14  Factory Tech Lab  
  138  9:15  SCV x2, Marine  
  138  9:16  SCV  
  142  9:20  Supply Depot, Marine x4  
  142  9:21  Marine x3  
  142  9:22  Marauder  
  151  9:29  Medivac  
  150  9:33  Marine  
  150  9:36  Drilling Claws, Widow Mine x3  
  150  9:37  Planetary Fortress  
  157  9:48  SCV x2  
  157  9:49  SCV  
  160  9:59  Marine, Widow Mine x3  
  166  10:00  Marine x3, Marauder  
  151  10:21  Marauder  
  151  10:22  Marine x8  
  151  10:24  Widow Mine x3  
  167  10:31  Barracks x2  
  167  10:33  Barracks, SCV x2  
  169  10:39  Marine, Command Center  
  169  10:40  Marine x2  
  174  10:43  Marine, Marauder  
  174  10:44  Marine x4  
  169  11:04  Marauder  
  169  11:06  Widow Mine x3  
  172  11:16  Marine  
  172  11:17  Marine x7  
  173  11:18  Barracks Tech Lab  
  173  11:19  Barracks Tech Lab  
  171  11:25  Marauder  
  171  11:28  Marine  
  164  11:34  Ghost Academy  
Show
View Real Time Build Order
Export as new Build Order

Elazer Zerg 

Build Orders: Hatch First 

Get SALT Encoding   

  12  0:00  Drone  
  13  0:12  Overlord  
  13  0:17  Drone  
  14  0:31  Drone x2  
  16  0:47  Hatchery  
  15  0:51  Drone  
  15  0:54  Drone  
  17  0:57  Drone  
  18  1:08  Extractor  
  17  1:12  Spawning Pool  
  17  1:16  Drone  
  17  1:19  Drone  
  18  1:27  Drone  
  19  1:39  Drone  
  20  1:50  Drone  
  21  1:59  Queen x2  
  21  2:00  Zergling x4  
  27  2:10  Zergling x2  
  27  2:12  Metabolic Boost, Overlord  
  28  2:24  Spore Crawler  
  28  2:26  Zergling x2  
  28  2:34  Overlord  
  28  2:35  Queen  
  30  2:41  Queen  
  32  2:47  Drone x2  
  32  2:48  Zergling x4  
  36  2:57  Overlord  
  36  3:04  Zergling x6  
  39  3:14  Overlord  
  39  3:28  Drone x3  
  41  3:35  Queen x2  
  45  3:47  Zergling x2  
  45  3:48  Zergling x10  
  48  3:50  Zergling x6  
  51  3:56  Zergling x2  
  52  4:11  Overlord  
  52  4:14  Hatchery  
  52  4:16  Drone x3  
  54  4:22  Drone  
  55  4:33  Zergling x4  
  55  4:37  Overlord  
  55  4:44  Drone x4  
  55  4:45  Drone x3  
  62  4:53  Zergling x2  
  62  4:58  Overlord  
  63  5:03  Zergling x2  
  63  5:06  Overlord  
  63  5:07  Hatchery  
  63  5:10  Extractor  
  62  5:14  Drone x4  
  70  5:21  Drone x4  
  70  5:28  Zergling x4  
  70  5:31  Overlord  
  70  5:38  Zergling x4  
  70  5:40  Lair  
  70  5:42  Overlord  
  72  5:44  Extractor  
  71  5:50  Drone x2  
  71  5:53  Drone  
  74  5:58  Drone x4  
  74  6:01  Drone x5  
  74  6:02  Drone x2  
  85  6:08  Baneling Nest, Drone  
  85  6:12  Drone  
  85  6:15  Drone x2  
  88  6:23  Drone x2  
  88  6:24  Drone  
  88  6:25  Drone x3  
  93  6:27  Drone  
  93  6:29  Drone x3  
  93  6:31  Drone x4  
  102  6:34  Drone  
  103  6:42  Evolution Chamber, Overlord  
  103  6:44  Evolution Chamber  
  101  6:47  Zergling x8  
  102  6:55  Zergling x6  
  102  6:56  Baneling x7  
  102  6:57  Baneling x6  
  97  7:02  Zergling x2  
  97  7:03  Zergling x12  
  97  7:07  Overlord x2  
  99  7:10  Overlord  
  95  7:18  Drone x3  
  95  7:21  Centrifugal Hooks  
  87  7:23  Zerg Ground Armor Level 1  
  87  7:24  Zerg Melee Weapons Level 1  
  87  7:26  Drone x3  
  87  7:27  Drone  
  91  7:30  Overseer  
  91  7:36  Drone x3  
  94  7:44  Overseer  
  94  7:45  Overlord  
  94  7:51  Overlord  
  94  7:52  Drone x3  
  94  7:53  Zergling x4  
  94  7:57  Baneling x2  
  99  7:58  Drone  
  99  7:59  Zergling x4  
  99  8:00  Spore Crawler  
  99  8:03  Overlord  
  101  8:07  Zergling x4  
  103  8:13  Drone  
  103  8:14  Spore Crawler, Overlord  
  103  8:15  Spore Crawler  
  103  8:16  Zergling x8  
  103  8:17  Spore Crawler  
  103  8:19  Pneumatized Carapace  
  105  8:23  Drone  
  105  8:25  Drone  
  105  8:26  Extractor  
  105  8:27  Drone x3  
  108  8:29  Queen x3  
  108  8:30  Zergling x2  
  108  8:31  Zergling x10  
  108  8:33  Zergling x2  
  118  8:36  Zergling x4  
  118  8:40  Overlord, Zergling x2  
  118  8:41  Zergling x4  
  121  8:42  Hatchery  
  120  8:52  Overlord, Zergling x2  
  120  8:53  Zergling x10  
  126  8:56  Spore Crawler  
  126  9:01  Baneling x8, Zergling x14  
  126  9:02  Queen  
  134  9:06  Zergling x6  
  137  9:15  Overlord  
  136  9:17  Zergling x8  
  136  9:20  Baneling x7  
  136  9:21  Baneling x2  
  136  9:22  Zerg Ground Armor Level 2  
  140  9:28  Overseer  
  140  9:29  Zergling x2  
  140  9:30  Zergling x24  
  151  9:33  Zerg Missile Weapons Level 1  
  151  9:39  Extractor  
  151  9:40  Hydralisk Den  
  149  9:47  Overlord  
  149  9:48  Drone x6  
  154  9:55  Drone x9  
  163  10:01  Extractor  
  163  10:02  Extractor  
  155  10:07  Zergling x12  
  154  10:21  Grooved Spines, Hydralisk x8  
  140  10:23  Queen  
  158  10:33  Baneling x7  
  158  10:34  Zergling x18  
  163  10:44  Overlord x3  
  163  10:45  Baneling x3  
  163  10:46  Zergling x8  
  164  10:55  Baneling  
  164  10:56  Baneling x5  
  138  11:05  Zergling x2  
  138  11:06  Zergling x36  
  154  11:12  Queen x4  
  155  11:18  Overseer  
  155  11:19  Overseer  
  155  11:20  Zergling x14  
  144  11:28  Baneling x3  
  144  11:29  Baneling x7, Zergling x8  
  144  11:30  Baneling x4  

Tags
 
Add a new tag
Caveats
  • Supply blocks, unpowered buildings, or Contaminate may cause inaccurate times.
  • Supply counts are checked every 10 seconds.